 Seeded DCSS version 0.29-a0-557-g43b9904bd1 (webtiles) character file.

Game seed: 5197682552777129174 (custom seed)

6797 happo123 the Covert (level 10, -40/58 HPs)
             Began as a Vampire Enchanter on June 8, 2022.
             Was a Believer of Wu Jian.
             Annihilated by a titanic slime creature (98 damage)
             ... on level 11 of the Dungeon.
             The game lasted 00:37:50 (8166 turns).

happo123 the Covert (Vampire Enchanter)             Turns: 8166, Time: 00:37:51

Health: -40/58     AC: 10    Str:  7    XL:     10   Next: 76%
Magic:  13/17      EV: 14    Int: 23    God:    Wu Jian [**....]
Gold:   1548       SH:  0    Dex: 20    Spells: 8/19 levels left

rFire   + . .      SeeInvis +   O - +2 rapier of Dadugac {freeze, rF+}
rCold   + + .      Faith    .   f - orb {guile}
rNeg    + + +      Spirit   .   G - +0 acid dragon scales
rPois   ∞          Reflect  .   a - +0 helmet
rElec   .          Harm     .   (no cloak)
rCorr   +          Rampage  .   k - +0 pair of gloves
Will    .....                   F - +0 pair of boots
Stlth   +++++++...              h - amulet of magic regeneration
HPRegen 0.00/turn               K - ring of willpower
MPRegen 0.55/turn               y - +6 ring of dexterity

@: bloodless, inhibited regen
A: bloodless, fangs 3, see invisible, vampiric 2
a: Bat Form, Revivify, Renounce Religion, Wall Jump


You were on level 11 of the Dungeon.
You worshipped Wu Jian.
Wu Jian was pleased with you.
You visited 2 branches of the dungeon, and saw 12 of its levels.

You collected 1548 gold pieces.

Inventory:

Hand Weapons
 C - a +2 vampiric dagger
 D - a +3 dagger of venom
 O - the +2 rapier of Dadugac (weapon) {freeze, rF+}
   (You found it on level 7 of the Dungeon)

   It freezes those it strikes, dealing additional cold damage.
   It can also slow down cold-blooded creatures.
   rF:        It protects you from fire.
Missiles
 T - a throwing net
Armour
 a - a +0 helmet (worn)
 b - a +0 robe
 f - an orb of guile (worn)
 k - a +0 pair of gloves (worn)
 F - a +0 pair of boots (worn)
 G - +0 acid dragon scales (worn)
 N - a +2 buckler of protection
Jewellery
 h - an amulet of magic regeneration (around neck)
 n - a ring of flight
 y - a +6 ring of dexterity (right hand)
 K - a ring of willpower (left hand)
 Q - an amulet of the acrobat
 U - a ring of fire
Wands
 t - a wand of charming (8)
 B - a wand of iceblast (23)
 H - a wand of mindburst (16)
 W - a wand of flame (12)
Scrolls
 d - 7 scrolls of teleportation {unknown}
 i - 2 scrolls of enchant weapon {unknown}
 m - a scroll of blinking {unknown}
 p - 2 scrolls of noise
 u - 4 scrolls of vulnerability
 v - 2 scrolls of enchant armour
 w - 4 scrolls of fog
 x - 2 scrolls of fear
 I - a scroll of immolation
 L - a scroll of brand weapon
 M - 3 scrolls of summoning {unknown}
 P - a scroll of magic mapping
 R - 2 scrolls of amnesia
Potions
 c - 3 potions of invisibility
 e - 2 potions of flight {unknown}
 j - a potion of resistance {unknown}
 l - 4 potions of heal wounds {unknown}
 o - 2 potions of lignification {unknown}
 q - 2 potions of berserk rage {unknown}
 r - 2 potions of degeneration {unknown}
 s - 3 potions of curing
 z - a potion of might {unknown}
 A - 3 potions of haste
 E - 2 potions of magic
 J - a potion of cancellation {unknown}
 S - a potion of ambrosia {unknown}
 V - a potion of brilliance {unknown}


   Skills:
 + Level 4.7 Fighting
 + Level 5.8 Short Blades
 + Level 2.9 Armour
 + Level 6.3 Dodging
 * Level 12.6 Stealth
 + Level 5.1 Spellcasting
 * Level 11.6 Hexes
 + Level 5.0 Ice Magic


You had 8 spell levels left.
You knew the following spells:

 Your Spells              Type           Power      Damage    Failure   Level
a - Ensorcelled Hibernat  Hex/Ice        88%        N/A       1%          2
b - Confusing Touch       Hex            56%        N/A       1%          3
c - Tukima's Dance        Hex            56%        N/A       1%          3
d - Dazzling Flash        Conj/Hex       64%        N/A       4%          3

Your spell library contained the following spells:

 Spells                   Type           Power      Damage    Failure   Level
 Beastly Appendage        Tmut           10%        N/A       17%         1
 Wereblood                Tmut           5%         N/A       26%         2
 Gell's Gravitas          Tloc           5%         N/A       45%         3
 Spider Form              Tmut/Pois      5%         N/A       45%         3
 Teleport Other           Tloc           5%         N/A       45%         3
 Dispersal                Tloc           2%         N/A       100%        6


Dungeon Overview and Level Annotations

Branches:
Dungeon (11/15)            Temple (1/1) D:7            Lair (0/6) D:10
    Orc (0/2) D:10

Altars:
Ashenzari
Cheibriados
Dithmenos
Elyvilon
Fedhas
Gozag
Hepliaklqana
Kikubaaqudgha
Makhleb
Nemelex Xobeh
Okawaru
Qazlal
Ru
Sif Muna
Trog
Uskayaw
Vehumet
Wu Jian
Xom
Yredelemnul
Zin
The Shining One

Shops:
D:2 =   D:6 =


Innate Abilities, Weirdness & Mutations

You do not regenerate when monsters are visible.
You are frail without blood (-20% HP).
You can heal yourself when you bite living creatures.
You are immune to poison.
You have razor-sharp teeth.
You have supernaturally acute eyesight. (SInv)
You are afflicted with vampirism and can become a bat while bloodless.


Message History

Aim: a slime creature (chance to affect: 82%)
The slime creature looks drowsy...
The two-headed ogre shouts in stereo!
The slime creature quivers.
Two slime creatures merge to form a large slime creature.
A slime creature comes into view.
Aiming: Ensorcelled Hibernation (safe; 1% risk of failure)
Press: ? - help, Q - select action, (/) - cycle Shift-Dir - straight line, f/p - large slime creature
Aim: a large slime creature (not susceptible)
The large slime creature is unaffected.
A slime creature comes into view.
Two slime creatures merge to form a very large slime creature.
Aiming: Ensorcelled Hibernation (safe; 1% risk of failure)
Press: ? - help, Q - select action, (/) - cycle Shift-Dir - straight line, f/p - very large slime creature
Aim: a very large slime creature (not susceptible)
The very large slime creature is unaffected.
The very large slime creature closely misses you.
Aiming: Ensorcelled Hibernation (safe; 1% risk of failure)
Press: ? - help, Q - select action, (/) - cycle Shift-Dir - straight line, f/p - very large slime creature
Aim: a very large slime creature (not susceptible)
Okay, then.
Casting: Ensorcelled Hibernation (safe; 1% risk of failure)
Confirm with . or Enter, or press ? or * to list all spells.
Your hands begin to glow red.
Two slime creatures merge to form an enormous slime creature.
You hit the enormous slime creature but do no damage.
Two slime creatures merge to form a titanic slime creature.
You hit the titanic slime creature but do no damage.
The titanic slime creature appears confused.
The titanic slime creature barely misses the two-headed ogre.
You catch the helpless titanic slime creature completely off-guard!
You impale the titanic slime creature!! You freeze the titanic slime creature.
You bite the titanic slime creature.
The titanic slime creature is lightly wounded.
You catch the helpless titanic slime creature completely off-guard!
You impale the titanic slime creature!! You freeze the titanic slime creature!
The titanic slime creature is moderately wounded.
The titanic slime creature hits you!!!!
Ouch! That really hurt!
You die...

**,,.......,,**
*,,.......,,,*
**,.......,,,* ****
##* *,.......,,,*
*,,* ##.*
*,.......,,,* ,,,**
#..## ##.......,,,*
,,,,*
#...###O.......,,,*
*,,,*
##....##J#,,,,,,,,,*
*,,,*
#.....#.@#*,,,,,,,**
*,,,*
#........#*,,,,,,,*
,,,,**
#.......##**,,,,,,*
,,,,,** #.......#
**,,,,**
**,*,,**#.......#
*,,,,*
****,,*#.......#*
**,,**
**,,#........# ****
**..#.......# *** *
##........##*****,*


You could see a titanic slime creature (confused) and a two-headed ogre.

Vanquished Creatures
  A two-headed ogre (D:8)
  Maggie (D:6)
  3 wraiths (D:9)
  A wyvern (D:10)
  6 yaks (D:9)
  2 humans (D:10)
  2 vampires (D:9)
  2 steam dragons
  The ghost of happo123 the Sneak, an amateur KoEn (D:3)
  Duvessa (D:4)
  A water moccasin (D:8)
  3 orc warriors
  3 centaurs
  5 ice beasts
  A sky beast (D:7)
  An ogre (D:6)
  4 kobold brigands
  3 necrophages
  3 bullfrogs
  3 gnoll sergeants
  3 scorpions
  Dowan (D:4)
  3 jellies
  6 orc priests
  A hound (D:4)
  A gnoll shaman (D:6)
  Ijyb (D:4)
  5 iguanas
  10 orc wizards
  A scorpion zombie (D:3)
  Robin (D:3)
  20 gnolls
  7 adders
  3 worms
  2 dart slugs
  28 orcs
  2 ball pythons (D:4)
  7 endoplasms
  2 giant cockroaches
  11 goblins
  6 hobgoblins
  4 jackals (D:3)
  2 quokkas
  A ball python zombie (D:3)
  4 frilled lizards
  25 kobolds
  A quokka zombie (D:3)
  3 rats
208 creatures vanquished.

Vanquished Creatures (collateral kills)
  A gnoll (D:6)
1 creature vanquished.

Vanquished Creatures (others)
  2 dancing weapons
  A plant (D:5)
3 creatures vanquished.

Grand Total: 212 creatures vanquished

Notes
Turn   | Place    | Note
-------+----------+-------------------------------------------
     0 | D:1      | happo123 the Vampire Enchanter began the quest for the Orb.
     0 | D:1      | Reached XP level 1. HP: 13/13 MP: 3/3
   456 | D:2      | Reached XP level 2. HP: 14/19 MP: 5/5
   459 | D:2      | Learned a level 2 spell: Ensorcelled Hibernation
   662 | D:2      | Reached skill level 5 in Stealth
   662 | D:2      | Gained mutation: You are afflicted with vampirism and can
                  | become a bat while bloodless. [Vampire growth]
   662 | D:2      | Reached XP level 3. HP: 20/20 MP: 2/6
   666 | D:2      | Learned a level 3 spell: Confusing Touch
   945 | D:2      | Found Joajunuw's Jewellery Shoppe.
  1382 | D:3      | Found a radiant altar of Vehumet.
  1414 | D:3      | Reached skill level 5 in Hexes
  1435 | D:3      | Noticed Robin
  1444 | D:3      | Killed Robin
  1461 | D:3      | Reached XP level 4. HP: 24/24 MP: 1/7
  1466 | D:3      | Reached skill level 1 in Fighting
  1534 | D:3      | Found a runed translucent door.
  1615 | D:3      | Found a basalt altar of Yredelemnul.
  2120 | D:3      | Found a faded altar of an unknown god.
  2370 | D:3      | Noticed happo123's ghost (amateur KoEn)
  2391 | D:3      | Killed happo123's ghost
  2392 | D:3      | Reached skill level 6 in Stealth
  2392 | D:3      | Reached skill level 1 in Ice Magic
  2392 | D:3      | Reached XP level 5. HP: 27/29 MP: 8/8
  2565 | D:4      | Reached XP level 6. HP: 35/35 MP: 8/10
  2807 | D:4      | Noticed Ijyb
  2813 | D:4      | Killed Ijyb
  2877 | D:4      | Noticed Dowan
  2878 | D:4      | Noticed Duvessa
  2888 | D:4      | Killed Dowan
  2904 | D:4      | Killed Duvessa
  2905 | D:4      | Reached skill level 7 in Stealth
  2905 | D:4      | Reached XP level 7. HP: 40/40 MP: 11/11
  2909 | D:4      | Learned a level 3 spell: Tukima's Dance
  3221 | D:5      | Entered Level 5 of the Dungeon
  3385 | D:5      | Reached skill level 8 in Stealth
  3516 | D:5      | Found a shimmering altar of Xom.
  3578 | D:5      | Reached XP level 8. HP: 45/45 MP: 11/13
  3838 | D:5      | Found an iron altar of Okawaru.
  3962 | D:6      | Noticed Maggie
  3970 | D:6      | Killed Maggie
  3971 | D:6      | Reached skill level 9 in Stealth
  3998 | D:6      | Found Qaost's Jewellery Shoppe.
  4126 | D:6      | Found a bloodstained altar of Trog.
  4129 | D:6      | Reached XP level 9. HP: 51/51 MP: 14/14
  4133 | D:6      | Learned a level 3 spell: Dazzling Flash
  4341 | D:7      | Found an ornate altar of the Wu Jian Council.
  4346 | D:7      | Became a worshipper of the Wu Jian Council
  4357 | D:7      | Reached skill level 10 in Stealth
  4388 | D:7      | Reached skill level 1 in Armour
  4425 | D:7      | Reached skill level 5 in Dodging
  4609 | D:7      | Found a broken altar of Ashenzari.
  4615 | D:7      | Identified the +2 rapier of Dadugac {freeze, rF+}
  4639 | D:7      | Reached * piety under Wu Jian
  4974 | D:7      | Found a staircase to the Ecumenical Temple.
  4981 | Temple   | Entered the Ecumenical Temple
  5219 | D:7      | Found an ornate altar of the Wu Jian Council.
  5317 | D:8      | Reached skill level 10 in Hexes
  5337 | D:8      | Reached skill level 11 in Stealth
  5783 | D:8      | Noticed a two-headed ogre
  5786 | D:8      | Killed a two-headed ogre
  5787 | D:8      | Reached skill level 5 in Short Blades
  5787 | D:8      | Reached XP level 10. HP: 56/56 MP: 16/16
  6192 | D:6      | Found a snail-covered altar of Cheibriados.
  6268 | D:9      | Found a shadowy altar of Dithmenos.
  6413 | D:9      | Reached ** piety under Wu Jian
  6422 | D:9      | Reached skill level 12 in Stealth
  6509 | D:9      | Reached skill level 5 in Spellcasting
  6920 | D:9      | Found a sparkling altar of Nemelex Xobeh.
  7020 | D:10     | Entered Level 10 of the Dungeon
  7284 | D:10     | Found a staircase to the Orcish Mines.
  7625 | D:10     | Identified the +4 long sword of the Blushing Vulture
                  | {vorpal, rPois}
  7785 | D:10     | Reached skill level 5 in Ice Magic
  7948 | D:10     | Found a staircase to the Lair.
  8112 | D:10     | Identified a scroll of acquirement
  8112 | D:10     | Acquired 1043 gold pieces
  8156 | D:11     | Noticed a two-headed ogre
  8166 | D:11     | Annihilated by a titanic slime creature

Illustrated notes

Levels and vault maps discovered:
D:1:      dpeg_arrival_oval, layout_basic, chequers_serial_rivers_micro_c
D:2:      layout_basic, serial_shops,
          nicolae_shop_temple_entry_statues_fountains
D:3:      layout_basic, nicolae_vehumet_radiance,
          nicolae_yredelemnul_corpse_copse, ebering_ghost_reflecting_pool,
          dreamdust_ecumenical_altar_angels_and_demons,
          minmay_stone_trees_medium, uniq_robin
D:4:      layout_gridville, uniq_duvessa, uniq_ijyb
D:5:      layout_cave_pools, mainiacjoe_overflow_boulevard,
          kennysheep_okawaru_gauntlet
D:6:      layout_rooms, nicolae_overflow_hidden_temple, serial_shops,
          nicolae_square_shop, uniq_maggie
D:7:      layout_rooms, dreamdust_divine_triumvirate,
          lemuel_coloured_pillars_altar, minmay_temple_entry_butterflies,
          kennysheep_minor_cross, hangedman_feature_mirror
D:8:      layout_basic
D:9:      layout_loops_ring, nemelex_spade_bored_becter, lemuel_round_altar
D:10:     nicolae_cairo_tiling, layout_layer_cave, minmay_ruffians
D:11:     layout_cave_pods, serial_ice, serial_ice_m, serial_ice_c,
          serial_ice_n, serial_ice_f, portal_ice_cave_rime, uniq_josephine
Temple:   jpeg_temple_alley_garden

Skill      XL: |  1  2  3  4  5  6  7  8  9 10 |
---------------+-------------------------------+-----
Stealth        | 5 6 7 8 9 11 12 | 12.6
Hexes          | 5 6 7 9 10 11 | 11.6
Fighting       | 1 2 3 4 |  4.7
Short Blades   | 2 3 4 5 |  5.8
Dodging        | 3 4 5 6 |  6.3
Ice Magic      | 1 2 3 4 5 |  5.0
Spellcasting   | 3 4 5 |  5.1
Armour         | 2 |  2.9

Action                   |  1- 3 |  4- 6 |  7- 9 | 10-12 || total
-------------------------+-------+-------+-------+-------++-------
Melee: Dagger            |    51 |    78 |   101 |       ||   230
       Bite              |     2 |     7 |    13 |     8 ||    30
       Rapier            |       |       |    36 |    88 ||   124
 Cast: Ensorcelled Hiber |    18 |    11 |    71 |    34 ||   134
       Confusing Touch   |       |     5 |     6 |     3 ||    14
       Tukima's Dance    |       |       |     1 |     2 ||     3
       Dazzling Flash    |       |       |     1 |       ||     1
Invok: Lunge             |       |       |    24 |    19 ||    43
       Whirlwind         |       |       |     1 |    11 ||    12
 Abil: Exsanguinate      |     1 |       |       |       ||     1
  Use: Scroll            |       |       |     6 |     8 ||    14
 Stab: Sleeping          |    21 |    28 |    74 |    30 ||   153
       Confused          |       |     4 |     5 |     4 ||    13
       Invisible         |       |       |     1 |       ||     1
       Distracted        |       |       |       |     2 ||     2
Armor: Robe              |     3 |    12 |     3 |       ||    18
       Acid dragon scale |       |       |    21 |    15 ||    36
Dodge: Dodged            |    19 |    27 |    78 |    33 ||   157

Table legend: (Time is in decaauts)
 A = Elapsed time spent in this place.
 B = Non-inter-level travel time spent in this place.
 C = Inter-level travel time spent in this place.
 D = Time resting spent in this place.
 E = Time spent auto-exploring this place.
 F = Levels seen in this place.
 G = Mean time per level.
                   A        B        C        D        E       F      G
               +--------+--------+--------+--------+--------+-----+--------+
         Total |   8136 |   7202 |    934 |    118 |   5521 |  12 |  678.0 |
       Dungeon |   7911 |   7029 |    882 |    118 |   5354 |  11 |  719.2 |
        Temple |    224 |    172 |     52 |      0 |    167 |   1 |  224.0 |
               +--------+--------+--------+--------+--------+-----+--------+

Top non-repeatable levels by time:
    D:10: 1118 daAuts
     D:3: 1097 daAuts
     D:8: 943 daAuts
     D:2: 920 daAuts
     D:4: 837 daAuts
     D:9: 768 daAuts
     D:7: 699 daAuts
     D:5: 591 daAuts
     D:6: 482 daAuts
     D:1: 436 daAuts
  Temple: 224 daAuts
    D:11: 15 daAuts
